[Event "ICC tourney 2668 (40 10)"]
[Site "Internet Chess Club"]
[Date "2021.09.11"]
[Round "4"]
[White "Montanari, Laura:oceana88"]
[Black "WANG, JESSICA:crazyhorse9"]
[Result "1-0"]
[ICCResult "Black resigns"]
[WhiteElo "1650"]
[BlackElo "1538"]
[Opening "Giuoco Piano"]
[ECO "C54"]
[NIC "IG.02"]
[Time "17:45:47"]
[TimeControl "2400+10"]

1. e4 e5 2. Nf3 Nc6 3. Bc4 Bc5 4. c3 Nf6 5. d4 exd4 6. e5 d5 7. Bb5 Ne4 8.
cxd4 Bb6 9. Nc3 Bg4 10. h3 Bh5 11. Be3 O-O 12. g4 Bg6 13. h4 h5 14. Bxc6
bxc6 15. Ng5 Ba5 16. Rc1 hxg4 17. Qxg4 Qc8 18. Qf3 Qf5 19. Qg2 Bh5 20. Rg1
Nxc3 21. bxc3 Qd3 22. Nf3 Bxc3+ 23. Rxc3 Qxc3+ 24. Bd2 Qa1+ 25. Ke2 Bxf3+
26. Kxf3 {Black resigns} 1-0

[Event "ICC tourney 2668 (40 10)"]
[Site "Internet Chess Club"]
[Date "2021.09.11"]
[Round "4"]
[White "KRISHNAN, ASHVATH:ashvathk5"]
[Black "PUPPALLA, PRANAY:checkmate1823"]
[Result "0-1"]
[ICCResult "White checkmated"]
[WhiteElo "1366"]
[BlackElo "1597"]
[Opening "Caro-Kann: exchange variation"]
[ECO "B13"]
[NIC "CK.02"]
[Time "17:45:40"]
[TimeControl "2400+10"]

1. e4 c6 2. d4 d5 3. exd5 cxd5 4. Nf3 Nc6 5. Nc3 Nf6 6. Bd3 Bg4 7. O-O Nxd4
8. Be2 Nxe2+ 9. Qxe2 e6 10. Bg5 Be7 11. h3 Bh5 12. Rad1 O-O 13. Rfe1 Qb6 14.
Rb1 Rac8 15. Be3 Bxf3 16. Qxf3 d4 17. Na4 Qa6 18. Bxd4 Qxa4 19. Bxf6 Bxf6
20. Re4 Qxc2 21. Rbe1 Qxb2 22. Rg4 Rc1 23. Rxc1 Qxc1+ 24. Kh2 Qc3 25. Qxb7
Be5+ 26. g3 Qe1 27. Qxa7 Rd8 28. Ra4 h6 29. Kg2 Rd1 30. Qa8+ Kh7 31. Qe4+
Qxe4+ 32. Rxe4 Bf6 33. a4 Ra1 34. Kf3 Ra3+ 35. Kg2 Rd3 36. f4 Bc3 37. Kf2
Rd4 38. Re3 Rd2+ 39. Ke1 Rd3+ 40. Ke2 Rxe3+ 41. Kxe3 Kg6 42. Kd3 Be1 43. Kc4
Bxg3 44. a5 Bxf4 45. a6 Be3 46. Kd3 Ba7 47. Kc4 f5 48. Kb5 f4 49. Kc6 f3 50.
Kb7 Be3 51. a7 Bxa7 52. Kxa7 f2 53. h4 f1=Q 54. h5+ Kxh5 55. Kb8 e5 56. Ka8
e4 57. Kb8 e3 58. Ka8 e2 59. Kb8 e1=Q 60. Ka8 Qa5+ 61. Kb8 Qfb5+ 62. Kc8
Qa8+ 63. Kc7 Qac6+ 64. Kd8 Qd7# {White checkmated} 0-1

[Event "ICC tourney 2668 (40 10)"]
[Site "Internet Chess Club"]
[Date "2021.09.11"]
[Round "4"]
[White "HAMLETT, JAMES MORRISON:Hamlett144"]
[Black "LIU, ZACHARY HANKUN:K03-17349625"]
[Result "0-1"]
[ICCResult "White resigns"]
[WhiteElo "1294"]
[BlackElo "1592"]
[Opening "Sicilian: Grand Prix attack"]
[ECO "B23"]
[NIC "SI.44"]
[Time "17:45:35"]
[TimeControl "2400+10"]

1. e4 c5 2. Nc3 Nc6 3. f4 e6 4. Nf3 d5 5. Bb5 Ne7 6. O-O a6 7. Bxc6+ Nxc6 8.
d3 Be7 9. e5 O-O 10. Ne2 b5 11. Qe1 Rb8 12. g4 f5 13. g5 g6 14. Ng3 a5 15.
h4 Kg7 16. h5 Rh8 17. Qe2 Ba6 18. Nh4 b4 19. Be3 c4 20. Rac1 Qd7 21. dxc4
Bxc4 22. Qh2 Bxf1 23. Rxf1 a4 24. Kg2 b3 25. axb3 axb3 26. c3 Ra8 27. Rh1
Qb7 28. h6+ Kf7 29. Nxg6 hxg6 30. h7 Bf8 31. Nxf5 exf5 32. e6+ Kxe6 33. Bd4
Nxd4 34. Re1+ Kf7 35. cxd4 Bg7 36. Qg1 Rae8 {White resigns} 0-1

[Event "ICC tourney 2668 (40 10)"]
[Site "Internet Chess Club"]
[Date "2021.09.11"]
[Round "4"]
[White "OPASKA, MICHAEL:mopaska1106"]
[Black "BARANI, HRUSHIKESAN:Hrushichess"]
[Result "1/2-1/2"]
[ICCResult "Game drawn by mutual agreement"]
[WhiteElo "1881"]
[BlackElo "1388"]
[Opening "Dutch defense"]
[ECO "A40"]
[NIC "QO.17"]
[Time "17:46:30"]
[TimeControl "2400+10"]

1. d4 e6 2. c4 f5 3. g4 Bb4+ 4. Bd2 Bxd2+ 5. Nxd2 fxg4 6. e4 d6 7. Qxg4 Qf6
8. Ngf3 Nh6 9. Qg2 Nc6 10. e5 dxe5 11. Ne4 Qe7 12. O-O-O exd4 13. Nxd4 Nxd4
14. Rxd4 Nf5 15. Rd3 Bd7 16. Be2 O-O-O 17. Rhd1 Bc6 18. Qg4 h5 19. Qf4 Rhg8
20. Bxh5 Rxd3 21. Rxd3 Bxe4 22. Qxe4 Rh8 23. Bf3 c6 24. Qe5 Rh4 25. Be4 Nh6
26. f3 Nf7 27. Qxg7 Qg5+ 28. Qxg5 Nxg5 29. Rd2 Nxe4 30. fxe4 Rxe4 31. b3 Kc7
32. Kc2 Rh4 33. Kd3 {Game drawn by mutual agreement} 1/2-1/2

[Event "ICC tourney 2668 (40 10)"]
[Site "Internet Chess Club"]
[Date "2021.09.11"]
[Round "4"]
[White "MOSS, MARVIN:mmoss2932"]
[Black "Lin, James:MeLikeGame"]
[Result "0-1"]
[ICCResult "White resigns"]
[WhiteElo "1553"]
[BlackElo "1203"]
[Opening "QGD semi-Slav"]
[ECO "D43"]
[NIC "SL.03"]
[Time "17:50:55"]
[TimeControl "2400+10"]

1. d4 Nf6 2. Nf3 d5 3. c4 c6 4. Nc3 e6 5. Bg5 Be7 6. e3 b6 7. Rc1 O-O 8. Bd3
Nbd7 9. O-O Bb7 10. cxd5 cxd5 11. Qe2 a6 12. a3 b5 13. Bb1 h6 14. Bh4 Nh7
15. Bxe7 Qxe7 16. Qd3 f5 17. Ne2 Nhf6 18. Rc7 Rab8 19. Ne5 Qd6 20. Rfc1 Nxe5
21. dxe5 Qxe5 22. Nd4 Ng4 23. g3 Nf6 24. Re7 Rfe8 25. Rcc7 Ba8 26. Rxg7+ Kh8
27. Rge7 Rxe7 28. Rxe7 Re8 29. Rxe8+ Nxe8 30. Ne2 Nd6 31. Nf4 Qf6 32. Qc2 e5
33. Nd3 Nc4 34. Ne1 e4 35. Ng2 Kg7 36. Nf4 Qe7 37. Qe2 Bc6 38. Qh5 Qf6 39.
Qe2 Qxb2 40. Qxb2+ Nxb2 41. Ba2 Nc4 42. Ne6+ Kf6 43. Nd4 Bd7 44. Nc2 Be8 45.
Nb4 Nxa3 46. Nxd5+ Ke5 47. Nc7 Bc6 48. Nxa6 Bd5 49. Nb4 Bxa2 50. Nxa2 Kd5
51. Kf1 Kc4 52. Ke1 Kb3 53. Nc1+ Kb2 54. Kd1 b4 55. Ne2 b3 56. h3 h5 57. h4
Ka1 58. Kd2 b2 59. Nc3 Nb1+ 60. Nxb1 Kxb1 {White resigns} 0-1

[Event "ICC tourney 2668 (40 10)"]
[Site "Internet Chess Club"]
[Date "2021.09.11"]
[Round "4"]
[White "KOEHL, EVAN:MacAndSneeze"]
[Black "JAMMALAMADAKA, VIHAAN:smashattack"]
[Result "0-1"]
[ICCResult "White resigns"]
[WhiteElo "1658"]
[BlackElo "1500"]
[Opening "Sicilian: Anderssen variation"]
[ECO "B41"]
[NIC "SI.41"]
[Time "17:45:43"]
[TimeControl "2400+10"]

1. e4 c5 2. Nf3 e6 3. d4 cxd4 4. Nxd4 Nf6 5. Nc3 Nc6 6. g3 Bb4 7. Bg2 d5 8.
exd5 Nxd5 9. Nxc6 bxc6 10. O-O O-O 11. Nxd5 cxd5 12. Qg4 Be7 13. c4 Ba6 14.
b3 Bf6 15. Rb1 Rc8 16. Rd1 Qa5 17. cxd5 Qxa2 18. Be4 exd5 19. Rxd5 Bb7 20.
Rd1 Bxe4 21. Qxe4 Rfe8 22. Qf5 g6 23. Qf3 Qxb1 24. Bg5 Re1+ 25. Kg2 Qxd1 26.
Qxf6 Rg1+ 27. Kh3 Qh5+ {White resigns} 0-1

[Event "ICC tourney 2668 (40 10)"]
[Site "Internet Chess Club"]
[Date "2021.09.11"]
[Round "4"]
[White "CAREY, MICHAEL P:xyzchessdude"]
[Black "TREUSDELL, ROSS G:IveDoneEnough"]
[Result "1/2-1/2"]
[ICCResult "Game drawn by mutual agreement"]
[WhiteElo "1815"]
[BlackElo "1730"]
[Opening "Neo-Grünfeld, 6.cd Nxd5, 7.O-O"]
[ECO "D74"]
[NIC "QP.11"]
[Time "17:45:37"]
[TimeControl "2400+10"]

1. Nf3 Nf6 2. c4 g6 3. d4 Bg7 4. g3 d5 5. cxd5 Nxd5 6. Bg2 O-O 7. O-O Na6 8.
e4 Nb6 9. h3 c5 10. d5 e6 11. Nc3 exd5 12. Nxd5 Nxd5 13. exd5 Nb4 14. d6 Bf5
15. Ne1 Qd7 16. g4 Be6 17. Nd3 Nxd3 18. Qxd3 Rad8 19. Bf4 b6 20. Qc2 Qb5 21.
Rfd1 Qxb2 22. Qxb2 Bxb2 23. Rab1 Bf6 24. Bd5 Rfe8 25. a4 Bd4 26. Bc6 Bd7 27.
Bxd7 Rxd7 28. a5 bxa5 29. Rb5 a4 30. Ra5 Re4 31. Bg3 f5 32. gxf5 gxf5 33.
Kg2 f4 34. Kf3 Re6 35. Bxf4 Rf7 36. Rxa4 Rxd6 37. Rg1+ Kf8 38. Rg4 Rb6 39.
Kg2 Rb2 40. Bh6+ Ke8 41. Rg8+ Kd7 42. Rxa7+ Ke6 43. Re8+ Kf6 44. Bg5+ Kg6
45. Re6+ Kf5 46. Rxf7+ Kxe6 47. Rxh7 Rxf2+ 48. Kg3
{Game drawn by mutual agreement}
1/2-1/2

[Event "ICC tourney 2668 (40 10)"]
[Site "Internet Chess Club"]
[Date "2021.09.11"]
[Round "4"]
[White "LATTIMORE, PETER J:AquaVir"]
[Black "BRUDNO, STEPHEN:StevChess01"]
[Result "0-1"]
[ICCResult "White resigns"]
[WhiteElo "1608"]
[BlackElo "1672"]
[Opening "English, 1...Nf6 (Anglo-Indian defense)"]
[ECO "A13"]
[NIC "RE.11"]
[Time "18:02:53"]
[TimeControl "2400+10"]

1. c4 Nf6 2. g3 e6 3. Bg2 d5 4. Nf3 c6 5. O-O dxc4 6. Na3 Bxa3 7. bxa3 Nd5
8. Bb2 O-O 9. Rc1 b5 10. a4 a6 11. d3 cxd3 12. Qxd3 Nb6 13. Qxd8 Rxd8 14.
axb5 axb5 15. a3 Nc4 16. Ba1 Rxa3 17. Ng5 f6 18. Nxe6 Bxe6 19. h4 Kf7 20. e3
Bd5 21. Bh3 Bf3 22. Bd4 Nd7 23. Rfe1 Nde5 24. Bc5 Ra2 25. Rb1 Rdd2 26. Rf1
Be4 27. Rbd1 Nf3+ 28. Kh1 Rxd1 29. Rxd1 Rxf2 30. Bg2 Rd2 31. Rf1 Rxg2 32.
Kxg2 Nfd2+ 33. Kf2 Nxf1 34. Kxf1 Ke6 35. Ke2 Kd5 36. Ba7 b4 37. Kd1 b3
{White resigns}
0-1

[Event "ICC tourney 2668 (40 10)"]
[Site "Internet Chess Club"]
[Date "2021.09.11"]
[Round "4"]
[White "KAUR, JIND:ranu540"]
[Black "Johnson, Yuliya:Yulisriffs"]
[Result "0-1"]
[ICCResult "White checkmated"]
[WhiteElo "1176"]
[BlackElo "1546"]
[Opening "Giuoco Piano: Greco's attack"]
[ECO "C54"]
[NIC "IG.02"]
[Time "17:46:03"]
[TimeControl "2400+10"]

1. e4 e5 2. Nf3 Nc6 3. Bc4 Bc5 4. c3 Nf6 5. d4 exd4 6. cxd4 Bb4+ 7. Nc3 O-O
8. e5 Ne4 9. O-O Bxc3 10. bxc3 d5 11. exd6 Nxd6 12. Bb3 Bg4 13. Bc2 f5 14.
h3 Bh5 15. Qd3 Ne4 16. Re1 h6 17. Rxe4 fxe4 18. Qxe4 Qf6 19. Qh7+ Kf7 20.
Bb3+ Ke8 21. Ba3 Bg6 22. Re1+ Kd8 23. Bxf8 Bxh7 24. Ne5 Nxe5 25. dxe5 Qxf8
26. e6 Ke7 27. Re3 Qf5 28. Rf3 Qb1+ 29. Kh2 Rf8 30. Rg3 g5 31. h4 Bg8 32.
hxg5 hxg5 33. Rxg5 Bxe6 34. Re5 Rh8+ 35. Kg3 Rg8+ 36. Kf4 Qc1+ 37. Ke4 Qe1+
38. Kd4 Rg4+ 39. Kd3 Qxe5 40. Bxe6 Qxe6 41. c4 Qxc4+ 42. Ke3 Qe4+ 43. Kd2
Rxg2 44. Kc3 Rxf2 45. Kb3 Rf3+ 46. Kb2 Qe2+ 47. Kc1 Rf1# {White checkmated}
0-1

[Event "ICC tourney 2668 (40 10)"]
[Site "Internet Chess Club"]
[Date "2021.09.11"]
[Round "4"]
[White "Doan Giang, Nguyen Doan:Doctorstrange04"]
[Black "ZILBERMINTZ, LEV:chessrex"]
[Result "0-1"]
[ICCResult "White resigns"]
[WhiteElo "1750"]
[BlackElo "1723"]
[Opening "QP counter-gambit (elephant gambit)"]
[ECO "C40"]
[NIC "KP.10"]
[Time "17:45:53"]
[TimeControl "2400+10"]

1. e4 e5 2. Nf3 d5 3. Nxe5 Bd6 4. d4 dxe4 5. Nc4 Nf6 6. Be2 O-O 7. O-O Qe7
8. Bg5 h6 9. Bxf6 Qxf6 10. Nc3 Re8 11. Re1 c6 12. Nxd6 Qxd6 13. Bc4 Bf5 14.
Qh5 Bg6 15. Qe2 Nd7 16. Rad1 Nf6 17. Rd2 b5 18. Bb3 Rad8 19. d5 b4 20. Na4
cxd5 21. Qb5 Rb8 22. Qa5 Qf4 23. Rde2 Bh5 24. g3 Qf5 25. Rd2 Bf3 26. Qa6
Rbd8 27. Qf1 Ng4 28. Nc5 Qh5 29. h3 Nf6 30. Rd4 Nh7 31. Nb7 Ng5 32. Kh2 Bg4
33. Re3 Bxh3 34. Qh1 Nf3+ 35. Rxf3 exf3 36. Rh4 Qe5 37. Kxh3 Rb8 38. Nc5 Qe2
39. Nd3 Re4 40. Rf4 Rxf4 41. gxf4 Qe4 42. Qe1 Qf5+ 43. Kg3 Rb6 44. Qe8+ Kh7
45. Ne5 Rf6 46. Bxd5 Qxf4+ 47. Kh3 Qf5+ 48. Kg3 Qg5+ 49. Ng4 h5 50. Qe4+ g6
51. Bb7 Qxg4+ 52. Qxg4 hxg4 53. Kxg4 Rd6 54. Kxf3 Rd2 55. Be4 f5 56. Bd3 Rd1
57. Kf4 Kg7 58. f3 Kf6 59. Ke3 Ra1 60. Bc4 g5 61. c3 bxc3 62. bxc3 Ke5 63.
Bb3 f4+ 64. Ke2 Rg1 65. c4 g4 66. fxg4 Rxg4 67. Kf2 Rg3 68. Ba4 Kd4 69. Bb5
Rc3 70. a4 Ke5 71. a5 f3 72. a6 Kf4 73. Ke1 Ke3 74. Kd1 f2 {White resigns}
0-1

[Event "ICC tourney 2668 (40 10)"]
[Site "Internet Chess Club"]
[Date "2021.09.11"]
[Round "4"]
[White "JIANG, JASON:JasonJiang10"]
[Black "WILLY, STEPHEN:stephenwilly"]
[Result "0-1"]
[ICCResult "White resigns"]
[WhiteElo "1724"]
[BlackElo "1639"]
[Opening "English: Carls' Bremen system"]
[ECO "A22"]
[NIC "EO.10"]
[Time "17:45:36"]
[TimeControl "2400+10"]

1. c4 e5 2. Nc3 Nf6 3. g3 Nc6 4. Bg2 Bc5 5. Nf3 d5 6. cxd5 Nxd5 7. O-O O-O
8. d3 Re8 9. Bd2 Bg4 10. Qc1 Bb6 11. Rd1 Qd7 12. Nxd5 Qxd5 13. h3 Bh5 14. g4
Bg6 15. Nh4 Qd6 16. Bxc6 bxc6 17. Be3 Rad8 18. Ng2 h5 19. g5 Qe6 20. Bxb6
cxb6 21. Qe3 Rd4 22. b3 c5 23. Qg3 Kh7 24. f3 f5 25. Kh2 Red8 26. Rac1 e4
27. Nf4 Qe5 28. Rc2 exd3 29. Nxd3 f4 30. Qh4 Qe3 31. Rcd2 b5 32. Rc2 c4 33.
bxc4 bxc4 {White resigns} 0-1

[Event "ICC tourney 2668 (40 10)"]
[Site "Internet Chess Club"]
[Date "2021.09.11"]
[Round "4"]
[White "Kousen, Kenneth A:kenkousen"]
[Black "GOLI, SRIMAN:awakeflood"]
[Result "0-1"]
[ICCResult "White checkmated"]
[WhiteElo "1566"]
[BlackElo "1757"]
[Opening "QGD: 4.Bg5"]
[ECO "D38"]
[NIC "QO.16"]
[Time "17:45:37"]
[TimeControl "2400+10"]

1. d4 d5 2. c4 e6 3. Nc3 Nf6 4. Bg5 Bb4 5. Nf3 h6 6. Bd2 O-O 7. e3 b6 8.
cxd5 exd5 9. Be2 Bf5 10. O-O c6 11. Rc1 Nbd7 12. Qa4 Bxc3 13. Rxc3 c5 14.
Bb5 a6 15. Bc6 b5 16. Qb3 c4 17. Qa3 Qb6 18. Bxa8 b4 19. Qa4 bxc3 20. Bxc3
Rxa8 21. Rc1 Qb5 22. Qa5 Rb8 23. Qc7 Ne4 24. Ne5 Nxe5 25. Qxe5 Nxc3 26. bxc3
Qb1 27. Rf1 Bd3 28. Qe8+ Kh7 29. Rxb1 Rxb1# {White checkmated} 0-1

[Event "ICC tourney 2668 (40 10)"]
[Site "Internet Chess Club"]
[Date "2021.09.11"]
[Round "4"]
[White "Mason, Mike W:MikeWMason"]
[Black "GUAN , TSZ YEUNG:DanielGuan"]
[Result "1-0"]
[ICCResult "Black resigns"]
[WhiteElo "1598"]
[BlackElo "1365"]
[Opening "Sicilian: Smith-Morra gambit"]
[ECO "B21"]
[NIC "SI.48"]
[Time "17:46:30"]
[TimeControl "2400+10"]

1. e4 c5 2. d4 cxd4 3. c3 dxc3 4. Nxc3 Nc6 5. Nf3 d6 6. Bc4 Nf6 7. O-O e6 8.
Qe2 Be7 9. Rd1 Bd7 10. Nb5 O-O 11. Bf4 e5 12. Bg5 Ne8 13. Nxd6 Nxd6 14. Rxd6
Bxg5 15. Nxg5 Qxg5 16. Rxd7 Nd4 17. Qe3 Qg4 18. Rc7 Rac8 19. h3 Qg6 20.
Bxf7+ Rxf7 21. Rxc8+ Rf8 22. Rxf8+ Kxf8 23. Rc1 Qa6 24. Rc8+ Kf7 25. Rc7+
Kf6 26. Qa3 Ne2+ 27. Kh2 Qb6 28. Qe7+ {Black resigns} 1-0

[Event "ICC tourney 2668 (40 10)"]
[Site "Internet Chess Club"]
[Date "2021.09.11"]
[Round "4"]
[White "WANG, KEVIN:Deepbrainfinal"]
[Black "MAZUMDAR, SHAURYA:raremystery"]
[Result "1/2-1/2"]
[ICCResult "Game drawn by mutual agreement"]
[WhiteElo "1490"]
[BlackElo "1658"]
[Opening "Giuoco Pianissimo: Italian four knights variation"]
[ECO "C50"]
[NIC "IG.02"]
[Time "17:45:37"]
[TimeControl "2400+10"]

1. e4 e5 2. Nf3 Nc6 3. Bc4 Bc5 4. d3 Nf6 5. Nc3 d6 6. h3 h6 7. O-O Na5 8.
Bb3 Nxb3 9. axb3 a6 10. Be3 Bxe3 11. fxe3 O-O 12. Qe2 Re8 13. Qf2 Be6 14.
Nh4 Qd7 15. Kh2 d5 16. exd5 Nxd5 17. Nxd5 Qxd5 18. e4 Qd7 19. Qg3 Rad8 20.
Nf5 Bxf5 21. Rxf5 Qd6 22. Raf1 Rd7 23. Rf6 Re6 24. Rxe6 Qxe6 25. Rf5 Re7 26.
Rf1 Qc6 27. Qf2 b6 28. Qd2 a5 29. Qc3 Qd6 30. Qc4 Rd7 31. Rf5 Re7 32. Rf1
Re6 33. Rf5 Re7 34. Rf1 Qg6 35. Rf5 Qd6 36. Kh1 g6 37. Rf3 Qd4 38. Qxd4 exd4
39. Rf6 Kg7 40. Rc6 Kf8 41. g4 Ke8 42. Kg2 Rd7 43. Kf3 Ke7 44. Kf4 f6 45. e5
fxe5+ 46. Kxe5 Kf7 47. Rf6+ Kg7 48. Rf4 c5 49. Rf6 Rd5+ 50. Kxd5 Kxf6 51.
Kc6 h5 52. gxh5 gxh5 53. Kxb6 Kg5 54. Kxc5 Kh4 55. Kxd4 Kxh3 56. c4 Kg3 57.
c5 h4 58. c6 h3 59. c7 h2 60. c8=Q h1=Q 61. Qg8+ Kf2 62. Qf7+ Ke1 63. Qf4
Kd1 64. Qg4+ Kc2 {Game drawn by mutual agreement} 1/2-1/2

[Event "ICC tourney 2668 (40 10)"]
[Site "Internet Chess Club"]
[Date "2021.09.11"]
[Round "5"]
[White "TREUSDELL, ROSS G:IveDoneEnough"]
[Black "WILLY, STEPHEN:stephenwilly"]
[Result "1-0"]
[ICCResult "Black checkmated"]
[WhiteElo "1730"]
[BlackElo "1639"]
[Opening "KGA: Kieseritsky, long whip (Stockwhip, classical) defense"]
[ECO "C39"]
[NIC "KG.01"]
[Time "20:00:44"]
[TimeControl "2400+10"]

1. e4 e5 2. f4 exf4 3. Nf3 g5 4. h4 g4 5. Ne5 h5 6. Bc4 Nh6 7. d4 d6 8. Nd3
Be7 9. Bxf4 Bxh4+ 10. g3 Bg5 11. Qd2 Bxf4 12. Qxf4 Qe7 13. Rxh5 Qf8 14. Nc3
c6 15. O-O-O a5 16. a4 Na6 17. Rdh1 Nc7 18. Rxh6 Rxh6 19. Rxh6 Be6 20. d5
Bd7 21. Qf6 Qxh6+ 22. Qxh6 Ke7 23. Qh4+ Ke8 24. dxc6 bxc6 25. Nf4 d5 26.
exd5 f6 27. Qxf6 c5 28. d6 Nd5 29. Ncxd5 Bxa4 30. Qe7# {Black checkmated}
1-0

[Event "ICC tourney 2668 (40 10)"]
[Site "Internet Chess Club"]
[Date "2021.09.11"]
[Round "5"]
[White "WANG, JESSICA:crazyhorse9"]
[Black "HAMLETT, JAMES MORRISON:Hamlett144"]
[Result "1-0"]
[ICCResult "Black resigns"]
[WhiteElo "1538"]
[BlackElo "1294"]
[Opening "French defense"]
[ECO "C11"]
[NIC "FR.05"]
[Time "20:01:19"]
[TimeControl "2400+10"]

1. e4 e6 2. d4 d5 3. Nc3 Nf6 4. Bg5 h6 5. Bxf6 Qxf6 6. Nf3 Bb4 7. e5 Qe7 8.
Bd3 Bd7 9. O-O Nc6 10. Re1 f6 11. exf6 gxf6 12. Nxd5 exd5 13. Rxe7+ Nxe7 14.
c3 Bd6 15. c4 dxc4 16. Bxc4 O-O-O 17. a4 Ng6 18. Qd2 Bf4 19. Qc2 f5 20. b4
Bd6 21. b5 b6 22. a5 Kb7 23. Bd5+ Kb8 24. axb6 cxb6 25. Qa4 {Black resigns}
1-0

[Event "ICC tourney 2668 (40 10)"]
[Site "Internet Chess Club"]
[Date "2021.09.11"]
[Round "5"]
[White "KAUR, JIND:ranu540"]
[Black "MOSS, MARVIN:mmoss2932"]
[Result "1-0"]
[ICCResult "Black resigns"]
[WhiteElo "1176"]
[BlackElo "1553"]
[Opening "French: Tarrasch, closed variation"]
[ECO "C05"]
[NIC "FR.17"]
[Time "20:00:58"]
[TimeControl "2400+10"]

1. e4 e6 2. d4 d5 3. Nd2 Nf6 4. e5 Nfd7 5. Bd3 c5 6. c3 Nc6 7. Ne2 a5 8. a4
cxd4 9. cxd4 Nb4 10. Bb5 f6 11. Nf4 Qe7 12. Qh5+ Kd8 13. Qh3 Nc2+ 14. Kd1
Nxa1 15. Nxe6+ Ke8 16. Nc7+ Kd8 17. Nxa8 Nxe5 18. Qc3 Ng6 19. Nb6 Bg4+ 20.
f3 Be6 21. Re1 Qd6 22. Nc8 Qc7 23. Rxe6 Qxc3 24. Re8+ Kc7 25. bxc3 Bd6 26.
Rxh8 Nxh8 27. Nxd6 Kxd6 28. Bb2 {Black resigns} 1-0

[Event "ICC tourney 2668 (40 10)"]
[Site "Internet Chess Club"]
[Date "2021.09.11"]
[Round "5"]
[White "RAJANISH, ABHINAV:Knightboy123"]
[Black "OPASKA, MICHAEL:mopaska1106"]
[Result "0-1"]
[ICCResult "White checkmated"]
[WhiteElo "1495"]
[BlackElo "1881"]
[Opening "QGD: Tarrasch defense, 4.cd ed"]
[ECO "D32"]
[NIC "TD.10"]
[Time "20:00:49"]
[TimeControl "2400+10"]

1. d4 d5 2. c4 e6 3. Nc3 c5 4. cxd5 exd5 5. Bf4 Nc6 6. e3 a6 7. Nf3 Nf6 8.
Be2 c4 9. Ne5 Bd7 10. O-O Be7 11. Bf3 Be6 12. Qa4 Rc8 13. Bg5 O-O 14. Bxf6
Bxf6 15. Nxc6 Rxc6 16. Qa5 Qxa5 17. Rfd1 Rcc8 18. e4 dxe4 19. Nxe4 Bd5 20.
Nxf6+ gxf6 21. Bg4 Rce8 22. b3 c3 23. Rac1 c2 24. Rf1 Qd2 25. Bf5 Be4 26.
Bxe4 Rxe4 27. h3 Rfe8 28. Rxc2 Qxc2 29. Kh2 Re2 30. d5 Rxf2 31. Rg1 Ree2 32.
d6 Rxg2+ 33. Rxg2+ Rxg2+ 34. Kh1 Rh2+ 35. Kg1 Qg2# {White checkmated} 0-1

[Event "ICC tourney 2668 (40 10)"]
[Site "Internet Chess Club"]
[Date "2021.09.11"]
[Round "5"]
[White "GUAN , TSZ YEUNG:DanielGuan"]
[Black "Montanari, Laura:oceana88"]
[Result "1-0"]
[ICCResult "Black checkmated"]
[WhiteElo "1365"]
[BlackElo "1650"]
[Opening "Nimzo-Indian: classical, 4...c5"]
[ECO "E38"]
[NIC "NI.22"]
[Time "20:00:44"]
[TimeControl "2400+10"]

1. d4 Nf6 2. c4 e6 3. Nc3 Bb4 4. Qc2 c5 5. e3 Nc6 6. Nf3 b6 7. Bd2 Bb7 8.
Nb5 d6 9. Bd3 Qd7 10. O-O O-O 11. a3 Bxd2 12. Qxd2 Qe7 13. Rad1 Nb8 14. Be2
Ne4 15. Qc2 Qf6 16. Nc7 Nd7 17. Nxa8 Rxa8 18. d5 exd5 19. cxd5 Qf5 20. Nh4
Qe5 21. Bb5 Ndf6 22. Nf3 Qh5 23. Bc6 Bxc6 24. dxc6 Ng4 25. Qxe4 Qxh2+ 26.
Nxh2 Nf6 27. Qf3 Re8 28. c7 Kf8 29. Qc6 Rc8 30. Rxd6 Ne8 31. Rd7 Nf6 32.
Rd8+ Ne8 33. Qxe8# {Black checkmated} 1-0

[Event "ICC tourney 2668 (40 10)"]
[Site "Internet Chess Club"]
[Date "2021.09.11"]
[Round "5"]
[White "LIU, ZACHARY HANKUN:K03-17349625"]
[Black "wang, William Kaiyuan:williamw601"]
[Result "1-0"]
[ICCResult "Black checkmated"]
[WhiteElo "1592"]
[BlackElo "1297"]
[Opening "Scotch game"]
[ECO "C45"]
[NIC "SO.05"]
[Time "20:00:43"]
[TimeControl "2400+10"]

1. e4 e5 2. Nf3 Nc6 3. d4 exd4 4. Nxd4 Bc5 5. Be3 Qf6 6. c3 d6 7. Bc4 Bd7 8.
O-O Nge7 9. Nxc6 Nxc6 10. Bxc5 dxc5 11. Nd2 O-O 12. Nb3 b6 13. Qxd7 Ne5 14.
Qa4 Qg6 15. Be2 f5 16. exf5 Rxf5 17. Qh4 Raf8 18. f4 Ng4 19. Qxg4 Qe6 20.
Kh1 Qe4 21. Rae1 Qc6 22. Bc4+ Kh8 23. Bd3 R5f6 24. Be4 Qd6 25. f5 Qd7 26.
Qd1 Qf7 27. Qd5 Qh5 28. Qd3 Rh6 29. Qg3 Qf7 30. Bb1 Rf6 31. Nd2 Rd8 32. Nf3
Rf8 33. Ne5 Qh5 34. Nd7 R6f7 35. Nxf8 Rxf8 36. Qxc7 h6 37. f6 gxf6 38. Qh7#
{Black checkmated}
1-0

[Event "ICC tourney 2668 (40 10)"]
[Site "Internet Chess Club"]
[Date "2021.09.11"]
[Round "5"]
[White "PUPPALLA, PRANAY:checkmate1823"]
[Black "WANG, KEVIN:Deepbrainfinal"]
[Result "1-0"]
[ICCResult "Black resigns"]
[WhiteElo "1597"]
[BlackElo "1490"]
[Opening "Queen's pawn, Mason variation"]
[ECO "D00"]
[NIC "QP.08"]
[Time "20:00:49"]
[TimeControl "2400+10"]

1. d4 d5 2. Bf4 Nf6 3. e3 e6 4. Nf3 Nbd7 5. Bd3 Nb6 6. Nbd2 h6 7. Ne5 Nbd7
8. c3 a6 9. O-O c5 10. e4 dxe4 11. Nxe4 Nxe4 12. Bxe4 Nxe5 13. dxe5 Qc7 14.
Qf3 Be7 15. Rad1 O-O 16. Qg3 Kh8 17. Qh3 Bg5 18. Bxg5 Qxe5 19. Be7 Re8 20.
Qh4 Ra7 21. Bd6 Qf6 22. Qxf6 gxf6 23. Bxc5 b6 24. Bxb6 Rd7 25. Bc6 Rxd1 26.
Rxd1 Rg8 27. Rd8 Rxd8 28. Bxd8 Kg7 29. f3 f5 30. a4 e5 31. b4 f4 32. b5 axb5
33. a5 Ba6 34. Kf2 Kg6 35. Be4+ Kg7 36. Ke1 f6 37. Kd2 Kf7 38. Kc2 Ke6 39.
Kb3 f5 40. Bd3 Kd7 41. Bf6 Ke6 42. Bg7 h5 43. Kb4 h4 44. h3 Bc8 45. Kxb5
Bd7+ 46. Kb6 Bc8 47. Ba6 Bxa6 48. Kxa6 e4 49. fxe4 fxe4 50. Bd4 f3 51. gxf3
exf3 52. Kb6 Kf5 53. a6 Kf4 54. a7 Kg3 55. a8=Q f2 56. Bxf2+ Kxf2 57. Qg8
{Black resigns}
1-0

[Event "ICC tourney 2668 (40 10)"]
[Site "Internet Chess Club"]
[Date "2021.09.11"]
[Round "5"]
[White "BRUDNO, STEPHEN:StevChess01"]
[Black "KRISHNAN, ASHVATH:ashvathk5"]
[Result "1-0"]
[ICCResult "Black checkmated"]
[WhiteElo "1672"]
[BlackElo "1366"]
[Opening "QGD: exchange, positional line"]
[ECO "D35"]
[NIC "QO.16"]
[Time "20:01:01"]
[TimeControl "2400+10"]

1. d4 d5 2. c4 e6 3. Nc3 Nf6 4. cxd5 exd5 5. Bg5 Nbd7 6. e3 c6 7. Bd3 Be7 8.
Qc2 O-O 9. Nf3 h6 10. Bh4 Re8 11. O-O Nb6 12. Nd2 Be6 13. Rac1 Rc8 14. Qb1
Nfd7 15. Bxe7 Qxe7 16. b4 Nf6 17. a4 Nc4 18. Bxc4 dxc4 19. e4 a6 20. b5 Red8
21. Ne2 Bd7 22. bxa6 bxa6 23. Nxc4 Nxe4 24. Qd3 Bf5 25. Qe3 Re8 26. Ng3 Nxg3
27. Qxg3 Qf6 28. Nd6 Red8 29. Nxc8 Bxc8 30. Qc7 Qxd4 31. Qxc6 Rf8 32. Qc4
Qf6 33. Rfd1 Bb7 34. f3 Qg5 35. Qg4 Qe3+ 36. Kh1 Bc8 37. Rxc8 Rxc8 38. Qxc8+
Kh7 39. Qxa6 Qe2 40. Qxe2 h5 41. Rd7 f6 42. Qe4+ Kh6 43. Qf4+ Kg6 44. Qc7
Kf5 45. Rxg7 h4 46. Rg4 h3 47. Qd7+ Ke5 48. Re4# {Black checkmated} 1-0